 Dungeon Crawl Stone Soup version 0.22.1-5-g62c59d9 (webtiles) character file.

1472 Goblin1989 the Grappler (level 8, 0/61 HPs)
             Began as a Demonspawn Chaos Knight on Jan 12, 2019.
             Slain by an acid dragon (2 damage)
             ... on level 6 of the Dungeon on Jan 13, 2019.
             The game lasted 00:16:19 (7143 turns).

Goblin1989 the Grappler (Demonspawn Chaos Knight)   Turns: 7143, Time: 00:16:20

Health: 0/61       AC:  3    Str: 15    XL:     8   Next: 49%
Magic:  8/8        EV:  9    Int: 14    God:    Xom [..*...]
Gold:   307        SH:  0    Dex: 12    Spells: 7/7 levels left

rFire    + . .     SeeInvis .   a - +0 spear (chaos)
rCold    . . .     Gourm    .   (no shield)
rNeg     . . .     Faith    .   F - +0 scale mail
rPois    .         Spirit   .   (no helmet)
rElec    .         Reflect  .   (no cloak)
rCorr    .         Harm     .   (no gloves)
MR       .....     Rnd*Rage +   (no boots)
Stlth    ..........             (no amulet)
HPRegen  0.20/turn              f - ring of protection from fire
MPRegen  0.11/turn              (no ring)

@: corroded
A: claws 2, talons 1, berserk 1, wild magic 1
a: Renounce Religion


You were on level 6 of the Dungeon.
You worshipped Xom.
You were a toy of Xom.
You were not hungry.

You visited 1 branch of the dungeon, and saw 6 of its levels.

You collected 307 gold pieces.

Inventory:

Hand Weapons
 a - a +0 spear of chaos (weapon)
 E - a +1 antimagic scythe
Armour
 F - a +0 scale mail (worn)
Jewellery
 f - a ring of protection from fire (left claw)
Wands
 p - a wand of acid (3) {@v2}
 A - a wand of paralysis (14) {@v7}
Scrolls
 g - 7 scrolls of identify {unknown}
 i - 2 scrolls of immolation {unknown}
 k - 2 scrolls of fog
 l - a scroll of noise {unknown}
 n - a scroll of enchant armour {unknown}
 t - a scroll of amnesia {unknown}
 u - 2 scrolls of teleportation {unknown}
 y - a scroll of fear {unknown}
Potions
 r - a potion of agility {god gift, unknown}
 s - a potion of haste {unknown}
 v - 2 potions of ambrosia {unknown}
 w - a potion of berserk rage {unknown}
 z - a potion of heal wounds {unknown}
 B - a potion of cancellation {unknown}
 D - a potion of mutation {unknown}
Comestibles
 e - 13 rations
 G - a chunk of flesh


   Skills:
 + Level 4.9 Fighting
 - Level 3.2 Polearms
 + Level 3.8 Armour
 - Level 0.8 Dodging
 * Level 8.0 Unarmed Combat


You had 7 spell levels left.
You didn't know any spells.
Your spell library contained the following spells:

 Spells                   Type           Power        Failure   Level  Hunger
 Corona                   Hex            #......      78%         1    ##.....
 Ensorcelled Hibernation  Hex/Ice        #.....       89%         2    ###....
 Confuse                  Hex            #.......     98%         3    ####...
 Dazzling Spray           Conj/Hex       #.....       98%         3    ####...
 Tukima's Dance           Hex            #.......     98%         3    ####...


Dungeon Overview and Level Annotations

Branches:
Dungeon (6/15)             Temple (0/1) D:5

Altars:
Fedhas
Nemelex Xobeh
Ru
Sif Muna
Xom
Zin
The Shining One


Innate Abilities, Weirdness & Mutations

You have very sharp fingernails.
You have sharp toenails.
You tend to lose your temper in combat.
Your spells are a little harder to cast, but a little more powerful.


Message History

No target in view!
No target in view!
All of the chunks of flesh in your inventory have rotted away.
Key pressed, stopping explore.
You butcher the adder corpse.
G - a chunk of flesh You see here an adder skeleton. x2
An acid dragon comes into view.
The acid dragon roars!
Health restored: 60 Unknown command.
Your +0 spear of chaos is briefly surrounded by a scintillating aura of random
a - a +0 spear of chaos (weapon)
You see here a potion of might {@q4}.
Attack whom?
Press: ? - help, Dir - move target cursor, f - acid dragon
Aim: an acid dragon You reach to attack!
Your scale mail prevents you from hitting the acid dragon.
You hit the acid dragon.
The acid dragon is poisoned.
Your kick misses the acid dragon.
The acid dragon is lightly wounded. "See what I see, my child!"
You detect items!
The acid dragon bites you! The acid dragon closely misses you.
You take 7 damage, and have 53/60 hp.
You hit the acid dragon but do no damage.
The acid dragon is lightly wounded.
The acid dragon spits acid at you. The splash of acid hits you!
The acid corrodes you!
You are splashed with acid!
The acid burns!
You take 15 damage, and have 38/60 hp.
MASSIVE DAMAGE!!
Unknown command.
You hit the acid dragon but do no damage.
The acid dragon looks even sicker.
You claw the acid dragon.
The acid dragon is lightly wounded.
Xom smirks.
You detect creatures!
The acid dragon bites you!
The acid dragon claws you but does no damage.
You take 9 damage, and have 29/60 hp.
You are too injured to fight recklessly!
Unknown command.
You are too injured to fight recklessly!
Unknown command.
Unknown command.
You are too injured to fight recklessly!
Unknown command.
You are too injured to fight recklessly!
Unknown command.
You hit the acid dragon but do no damage.
The acid dragon looks as sick as possible!
Your kick misses the acid dragon.
The acid dragon is lightly wounded.
The acid dragon spits acid at you. The splash of acid hits you!
* * * LOW HITPOINT WARNING * * *
You are splashed with acid!
The acid burns!
* * * LOW HITPOINT WARNING * * *
You emit a cloud of colourful smoke!
You take 21 damage, and have 8/60 hp.
MASSIVE DAMAGE!!
You hit the acid dragon.
The air around you crackles with energy!
The acid dragon is moderately wounded.
The acid dragon barely misses you. The acid dragon claws you.
* * * LOW HITPOINT WARNING * * *
You take 2 damage, and have 6/60 hp.
Unknown command.
You feel better. "See what I see, my child!"
You detect nothing.
The acid dragon bites you!
* * * LOW HITPOINT WARNING * * *
The acid dragon barely misses you.
You take 3 damage, and have 3/61 hp.
You feel better. The acid dragon spits acid at you.
The splash of acid misses you.
You regained 9 hp, and now have 12/61 hp.
Unknown command.
You hit the acid dragon. You freeze the acid dragon. You claw the acid dragon.
The acid dragon is almost dead.
The acid dragon bites you!
* * * LOW HITPOINT WARNING * * *
The acid dragon claws you but does no damage.
You take 8 damage, and have 4/61 hp.
Unknown command.
You feel better. The acid dragon bites you.
* * * LOW HITPOINT WARNING * * *
The acid dragon misses you.
You take 1 damage, and have 3/61 hp.
Unknown command.
The acid dragon bites you.
* * * LOW HITPOINT WARNING * * *
The acid dragon barely misses you.
You take 1 damage, and have 2/61 hp.
Unknown command.
You hit the acid dragon but do no damage.
Your kick misses the acid dragon.
The acid dragon is almost dead.
The acid dragon completely misses you. The acid dragon claws you.
You die...

█ █.⌂█.█⌂██ █...██████
███...⌂...██████..÷.....█
∆
██........██...⌂........██
....█.........(...........
███.██.██.██............██
█ █.██.██.██████...████.█
█ █.██.██.█ █...§.†....█
█.......█ █...§...████
████.████ █..@D§..█ █.█
███.D.███ █.█ █...█ █.█
.....█ ..█ ....█.█ ███
...?█.█ ∆ █..█.... ∆ █..
.. ██


You could see 2 acid dragons.

Vanquished Creatures
  Prince Ribbit (D:5)
  Sigmund (D:5)
  Edmund (D:4)
  Duvessa (D:4)
  An ogre (D:5)
  3 centaurs
  A bullfrog (D:6)
  3 hounds
  A worker ant (D:4)
  A gnoll (D:4)
  10 adders
  3 shadow imps
  4 oozes
  An adder zombie (D:5)
  2 dart slugs
  2 leopard geckos
  5 orcs
  2 ball pythons (D:1)
  6 goblins
  7 hobgoblins
  A jackal (D:1)
  6 kobolds
  3 quokkas
  9 bats
  A frilled lizard (shapeshifter) (D:2)
  6 frilled lizards
  4 rats
86 creatures vanquished.

Vanquished Creatures (collateral kills)
  Pikel (D:5)
  Dowan (D:4)
  An adder (D:5)
3 creatures vanquished.

Vanquished Creatures (others)
  2 slaves (D:5)
  3 adders (D:5)
5 creatures vanquished.

Grand Total: 94 creatures vanquished

Notes
Turn   | Place    | Note
-------+----------+-------------------------------------------
     0 | D:1      | Goblin1989 the Demonspawn Chaos Knight began the quest for
                  | the Orb.
     0 | D:1      | Reached XP level 1. HP: 18/18 MP: 1/1
   312 | D:1      | Gained mutation: You have sharp toenails. [demonic
                  | ancestry]
   312 | D:1      | Reached XP level 2. HP: 24/24 MP: 2/2
   518 | D:1      | Reached skill level 1 in Unarmed Combat
   942 | D:2      | Reached XP level 3. HP: 29/29 MP: 3/3
   983 | D:2      | Found a glowing golden altar of the Shining One.
  1127 | D:2      | XOM: mild Necr miscast
  1335 | D:2      | Found a transporter.
  1335 | D:2      | Found a transporter.
  1350 | D:2      | Found a deep blue altar of Sif Muna.
  1445 | D:2      | Reached skill level 2 in Unarmed Combat
  1705 | D:2      | XOM: harmless Pois miscast
  1815 | D:3      | XOM: smoke on damage
  1819 | D:3      | Reached XP level 4. HP: 14/35 MP: 4/4
  2036 | D:3      | Found a sparkling altar of Nemelex Xobeh.
  2045 | D:3      | XOM: cleaving
  2051 | D:3      | Reached skill level 3 in Unarmed Combat
  2054 | D:3      | XOM: smoke on damage
  2557 | D:3      | XOM: give mutations
  2557 | D:3      | Gained mutation: Your spells are a little harder to cast,
                  | but a little more powerful. [Xom's mischief]
  2557 | D:3      | Gained mutation: You tend to lose your temper in combat.
                  | [Xom's mischief]
  2640 | D:3      | XOM: medium Hex miscast
  2738 | D:3      | Found a sacrificial altar of Ru.
  2751 | D:3      | XOM: god gift: 15 stones {god gift}
  2808 | D:3      | Noticed an angel
  2827 | D:3      | Found a glowing silver altar of Zin.
  2827 | D:3      | Found a shimmering altar of Xom.
  3008 | D:4      | Noticed Edmund
  3027 | D:4      | Reached skill level 4 in Unarmed Combat
  3027 | D:4      | Gained mutation: You have sharp fingernails. [demonic
                  | ancestry]
  3027 | D:4      | Reached XP level 5. HP: 15/41 MP: 5/5
  3233 | D:4      | Noticed Duvessa
  3233 | D:4      | Noticed Dowan
  3237 | D:4      | XOM: cast spell 'Leda's Liquefaction'
  3300 | D:3      | XOM: cloud trail
  3597 | D:4      | XOM: summons friendly white imp
  3789 | D:4      | XOM: cast spell 'Summon Butterflies'
  3792 | D:4      | Killed Duvessa
  3792 | D:4      | Reached skill level 5 in Unarmed Combat
  3792 | D:4      | Gained mutation: You have very sharp fingernails. [demonic
                  | ancestry]
  3792 | D:4      | Reached XP level 6. HP: 32/47 MP: 6/6
  3793 | D:4      | Killed Dowan
  4110 | D:4      | XOM: god gift: fuming emerald potion {god gift}
  4145 | D:4      | XOM: smoke on damage
  4147 | D:4      | Killed Edmund
  4147 | D:4      | Reached skill level 6 in Unarmed Combat
  4747 | D:5      | Entered Level 5 of the Dungeon
  4807 | D:5      | XOM: cleaving
  4813 | D:5      | XOM: 6-stop teleportation journey
  4955 | D:5      | XOM: smoke on damage
  4960 | D:5      | XOM: fog
  4964 | D:5      | Reached XP level 7. HP: 18/52 MP: 7/7
  5025 | D:5      | XOM: mild Necr miscast
  5222 | D:5      | Noticed Pikel
  5230 | D:5      | Found a staircase to the Ecumenical Temple.
  5237 | D:5      | XOM: destruction
  5245 | D:5      | XOM: summons 7 friendly demons
  5248 | D:5      | Killed Pikel
  5368 | D:5      | Killed Sigmund
  5368 | D:5      | Reached skill level 7 in Unarmed Combat
  5683 | D:5      | Reached XP level 8. HP: 42/60 MP: 2/8
  5906 | D:5      | XOM: medium Pois miscast
  5984 | D:6      | XOM: silly message
  6149 | D:5      | XOM: mild Necr miscast
  6271 | D:5      | XOM: medium Hex miscast
  6294 | D:5      | XOM: cloud trail
  6512 | D:5      | Noticed Prince Ribbit
  6524 | D:5      | Killed Prince Ribbit
  6689 | D:5      | XOM: harmless Pois miscast
  6832 | D:6      | Found a blossoming altar of Fedhas.
  6833 | D:6      | XOM: cast spell 'Summon Ice Beast'
  7025 | D:6      | XOM: scenery: create altars
  7042 | D:6      | Reached skill level 8 in Unarmed Combat
  7133 | D:6      | XOM: divination: detect items
  7135 | D:6      | XOM: divination: detect creatures
  7136 | D:6      | XOM: smoke on damage
  7138 | D:6      | XOM: divination: detect items
  7138 | D:6      | HP: 3/61 [acid dragon (13)]
  7143 | D:6      | Slain by an acid dragon

Skill      XL: |  1  2  3  4  5  6  7  8 |
---------------+-------------------------+-----
Polearms       | 3 |  3.2
Unarmed Combat | 1 2 4 5 6 7 8 |  8.0
Armour         | 2 3 |  3.8
Fighting       | 4 |  4.9
Dodging        | |  0.8

Action                   |  1- 3 |  4- 6 |  7- 9 || total
-------------------------+-------+-------+-------++-------
Melee: Spear             |   127 |   157 |    26 ||   310
       Kick              |    15 |    21 |    23 ||    59
       Punch             |     1 |     3 |     3 ||     7
       Scythe            |       |       |    18 ||    18
       Unarmed           |       |       |    45 ||    45
Evoke: Wand              |       |     3 |       ||     3
  Use: Potion            |     3 |       |     3 ||     6
       Scroll            |       |       |     1 ||     1
 Stab: Sleeping          |     1 |     2 |       ||     3
       Paralysed         |       |     2 |       ||     2
  Eat: Chunk             |     3 |    10 |     3 ||    16
       Ration            |       |       |     1 ||     1
Armor: Leather armour    |    35 |    31 |     9 ||    75
       Scale mail        |       |       |    10 ||    10
Dodge: Dodged            |    79 |    69 |    43 ||   191

Vault maps used:
D:1:      roderic_crop_circles_arrival_small, minmay_heptomino_h4
D:2:      nicolae_tso_carved_into_rock, gammafunk_temple_overflow_arena
D:3:      grunt_temple_overflow_order_and_chaos_1,
          nemelex_xobeh_ov_fountains_minmay, nicolae_overflow_crystal_walls
D:4:      uniq_edmund, uniq_duvessa
D:5:      minmay_temple_entry_grid, first_ration, uniq_pikel, uniq_sigmund,
          uniq_prince_ribbit1
D:6:      fedhas_bush_and_centaur_altar, lemuel_round_altar
